 Dungeon Crawl Stone Soup version 0.29.1-12-g30fa7ad0bf (webtiles) character file.

Game seed: 7250637924758916360

4349 DildoBatman the Blocker (level 10, -5/74 HPs)
             Began as a Formicid Conjurer on Jan 3, 2023.
             Was a Believer of Kikubaaqudgha.
             Slain by a warg (13 damage)
             ... on level 9 of the Dungeon.
             The game lasted 00:28:32 (10826 turns).

DildoBatman the Blocker (Formicid Conjurer)        Turns: 10826, Time: 00:28:33

Health: -5/74      AC:  3    Str: 12    XL:     10   Next: 59%
Magic:  19/29      EV: 11    Int: 22    God:    Kikubaaqudgha [**....]
Gold:   460        SH: 10    Dex: 12    Spells: 12/23 levels left

rFire   . . .      SeeInvis +   b - +2 halberd (venom)
rCold   . . .      Faith    .   O - +0 kite shield {reflect}
rNeg    . . .      Spirit   .   o - +0 robe
rPois   .          Reflect  +   (helmet unavailable)
rElec   .          Harm     .   Q - scarf {repulsion}
rCorr   .          Rampage  .   (no gloves)
Will    ++...                   j - +0 pair of boots
Stlth   ++........              m - amulet of magic regeneration
HPRegen 0.22/turn               B - ring of willpower
MPRegen 0.61/turn               A - ring of magical power

@: repel missiles
A: permanent stasis, dig shafts and tunnels, antennae 3, four strong arms
a: Dig, Shaft Self, Renounce Religion, Unearth Wretches


You were on level 9 of the Dungeon.
You worshipped Kikubaaqudgha.
Kikubaaqudgha was pleased with you.
You visited 2 branches of the dungeon, and saw 10 of its levels.
You also visited: Sewer.

You collected 614 gold pieces.
You spent 154 gold pieces at shops.

Inventory:

Hand Weapons
 a - a +2 dagger of electrocution
 b - a +2 halberd of venom (weapon)
 c - a +0 arbalest
Missiles
 f - 14 boomerangs
 i - 93 stones
 t - 18 poisoned darts
 z - 4 curare-tipped darts
 L - 3 throwing nets
Armour
 j - a +0 pair of boots (worn)
 o - a +0 robe (worn)
 O - a +0 kite shield of reflection (worn)
 Q - a scarf of repulsion (worn)
Magical Staves
 w - a staff of air
Jewellery
 m - an amulet of magic regeneration (around neck)
 p - a ring of protection from cold
 A - a ring of magical power (right hand)
 B - a ring of willpower (left hand)
Wands
 r - a wand of charming (16)
 E - a wand of mindburst (5)
Scrolls
 d - 2 scrolls of blinking {unknown}
 l - 2 scrolls of fear {unknown}
 u - 2 scrolls of silence {unknown}
 v - 2 scrolls of amnesia {unknown}
 x - 2 scrolls of torment {unknown}
 y - 3 scrolls of noise {unknown}
 C - 2 scrolls of magic mapping {unknown}
 H - a scroll of enchant weapon {unknown}
 J - a scroll of summoning
 K - 6 scrolls of identify {unknown}
 M - 2 scrolls of acquirement {unknown}
 N - 2 scrolls of vulnerability {unknown}
Potions
 e - a potion of curing
 g - 3 potions of might {unknown}
 h - 3 potions of lignification {unknown}
 k - 2 potions of cancellation {unknown}
 n - a potion of haste {unknown}
 q - a potion of magic
 s - 2 potions of invisibility
 D - a potion of attraction {unknown}
 F - 8 potions of flight
 G - a potion of brilliance {unknown}
 I - 2 potions of ambrosia {unknown}
 P - a potion of berserk rage {unknown}


   Skills:
 - Level 5.1 Fighting
 - Level 5.1 Armour
 - Level 3.1 Dodging
 - Level 2.4 Stealth
 - Level 9.0 Shields
 - Level 7.0 Spellcasting
 - Level 6.0 Conjurations
 * Level 5.1 Necromancy
 * Level 3.4 Fire Magic


You had 12 spell levels left.
You knew the following spells:

 Your Spells              Type           Power      Damage    Failure   Level
a - Searing Ray           Conj           68%        2d6       1%          2
b - Conjure Flame         Conj/Fire      28%        6-21      7%          3
c - Magic Dart            Conj           100%       1d8       1%          1
d - Vampiric Draining     Necr           30%        2d8       6%          3
z - Sublimation of Blood  Necr           30%        N/A       3%          2

Your spell library contained the following spells:

 Spells                   Type           Power      Damage    Failure   Level
 Necrotise                Necr           100%       1d9       1%          1
 Dazzling Flash           Conj/Hex       40%        N/A       14%         3
 Apportation              Tloc           14%        N/A       16%         1
 Summon Small Mammal      Summ           28%        N/A       16%         1
 Sticky Flame             Conj/Fire      28%        2d5       22%         4
 Wereblood                Tmut           7%         N/A       24%         2
 Ignite Poison            Fire/Tmut/Pois 12%        N/A       30%         3
 Fulminant Prism          Conj/Hex       10%        3d9       41%         4
 Hailstorm                Conj/Ice       20%        3d6       41%         4
 Iskenderun's Mystic Bla  Conj/Tloc      20%        2d6       41%         4
 Summon Guardian Golem    Hex/Summ       7%         N/A       43%         3
 Tukima's Dance           Hex            7%         N/A       43%         3
 Anguish                  Hex/Necr       9%         N/A       50%         4
 Fireball                 Conj/Fire      14%        3d8       54%         5
 Ice Form                 Ice/Tmut       7%         N/A       83%         4
 Passage of Golubria      Tloc           7%         N/A       83%         4
 Summon Lightning Spire   Summ/Air       7%         N/A       83%         4
 Freezing Cloud           Conj/Ice/Air   8%         6-21      88%         5
 Starburst                Conj/Fire      14%        6d6       98%         6
 Yara's Violent Unravell  Hex/Tmut       3%         3d4       99%         5
 Simulacrum               Ice/Necr       9%         N/A       100%        6
 Orb of Destruction       Conj           17%        9d7       100%        7
 Spellforged Servitor     Conj/Summ      10%        N/A       100%        7
 Storm Form               Tmut/Air       3%         N/A       100%        7
 Summon Hydra             Summ           3%         N/A       100%        7
 Ignition                 Fire           11%        3d5       100%        8
 Maxwell's Capacitive Co  Air            3%         ∞         100%        8
 Polar Vortex             Ice            3%         N/A       100%        9


Dungeon Overview and Level Annotations

Branches:
Dungeon (9/15)             Temple (1/1) D:6            Lair (0/5) D:8
  Sewer (visited)
    Orc: D:9-12

Altars:
Ashenzari
Cheibriados
Dithmenos
Elyvilon
Fedhas
Gozag
Hepliaklqana
Kikubaaqudgha
Makhleb
Nemelex Xobeh
Okawaru
Qazlal
Ru
Sif Muna
Trog
Uskayaw
Vehumet
Wu Jian
Xom
Yredelemnul
Zin
The Shining One

Shops:
D:5 (   D:6 *

Annotations:
D:4 1 transporter, Linkola's ghost, amateur DECj
D:6 exclusion: fire elemental
D:7 Duvessa
D:9 exclusion: vampire


Innate Abilities, Weirdness & Mutations

You cannot be hasted, slowed, berserked, paralysed or teleported.
You can dig through walls and to a lower floor.
You have a pair of large antennae on your head. (SInv)
Your four strong arms can wield two-handed weapons with a shield.


Message History

The searing ray misses the warg.
The searing ray hits the orc warrior but does no damage.
The orc warrior is lightly wounded.
The orc wizard shouts!
You block the warg's attack.
The searing ray hits the warg.
The warg is heavily wounded.
The searing ray hits the orc warrior.
The orc warrior is moderately wounded.
You finish channelling your searing ray.
The warg bites you! You block the orc warrior's attack. The warg bites you!
Casting: Searing Ray (safe; 1% risk of failure)
Confirm with . or Enter, or press ? or * to list all spells.
Aiming: Searing Ray (safe; 1% risk of failure)
Press: ? - help, Shift-Dir - straight line, f/p - warg
Aim: a warg (heavily wounded, 76% to hit)
The searing ray hits the warg.
The warg is heavily wounded.
The searing ray hits the orc warrior.
The orc warrior is moderately wounded. (Press . to maintain the ray.)
The warg bites you!
The orc warrior hits you from afar with a +0 halberd!
The searing ray hits the warg!
The warg is almost dead.
The searing ray hits the orc warrior.
The orc warrior is heavily wounded.
You block the warg's attack.
The orc warrior hits you from afar with a +0 halberd!
An orc wizard comes into view. It is wielding a +0 dagger of speed.
The searing ray hits the warg.
The warg is almost dead.
The searing ray misses the orc warrior.
The searing ray hits the orc wizard!
The orc wizard is severely wounded.
The warg bites you!
You die...
Kikubaaqudgha rasps: "You have failed me!
Welcome... death!"

#........##############
#........# #........#
#####..### #..#
#......... ##.#
#......... #.###
#......... #...#
#......... #@#.###
#.........
#h#...###.........
#o###...#......... .o#
#...#......... ...#
#............. F...#
#...#......... ..o..#
#...####....## ..$...#
#...# ####..# .......#
#...########.#


You could see a warg, an orc warrior and 2 orc wizards.

Vanquished Creatures
  A troll (D:9)
  A hornet (D:9)
  A steam dragon (D:8)
  A water moccasin (D:5)
  An ice beast (D:5)
  4 orc warriors
  2 black bears
  An ogre (D:4)
  A wolf (D:6)
  A centaur (D:7)
  A lemure (D:7)
  A phantom (D:5)
  3 kobold brigands
  4 bullfrogs
  3 gnoll sergeants (D:6)
  A scorpion (D:7)
  Dowan (D:7)
  5 killer bees (D:8)
  3 howler monkeys (D:7)
  A centaur zombie (D:8)
  6 orc priests
  8 hounds
  3 jellies
  4 gnoll boudas
  6 iguanas
  12 orc wizards
  A merfolk siren (Sewer)
  A merfolk avatar (Sewer)
  11 adders
  A howler monkey zombie (D:8)
  25 gnolls
  2 river rats (Sewer)
  4 worms (D:4)
  2 dart slugs
  33 orcs
  8 ball pythons
  5 endoplasms
  5 giant cockroaches
  2 goblins
  2 hobgoblins
  8 jackals
  4 quokkas
  4 bats
  5 frilled lizards
  16 kobolds
  30 rats
245 creatures vanquished.

Vanquished Creatures (others)
  5 fungi (D:8)
  8 plants (D:8)
13 creatures vanquished.

Grand Total: 258 creatures vanquished

Notes
Turn   | Place    | Note
-------+----------+-------------------------------------------
     0 | D:1      | DildoBatman the Formicid Conjurer began the quest for the
                  | Orb.
     0 | D:1      | Reached XP level 1. HP: 13/13 MP: 3/3
   570 | D:1      | Reached XP level 2. HP: 20/20 MP: 1/5
   573 | D:1      | Learned a level 2 spell: Searing Ray
   809 | D:2      | You fall into a shaft and drop 1 floor!
  1024 | D:3      | Reached skill level 1 in Fighting
  1024 | D:3      | Reached skill level 1 in Armour
  1594 | D:3      | Reached XP level 3. HP: 26/26 MP: 2/6
  2015 | D:2      | Found a faded altar of an unknown god.
  2231 | D:2      | Reached XP level 4. HP: 31/32 MP: 8/8
  2627 | D:3      | Found a glowing silver altar of Zin.
  2998 | D:4      | Reached XP level 5. HP: 31/38 MP: 9/9
  2999 | D:4      | Noticed an ogre
  3045 | D:4      | Killed an ogre
  3046 | D:4      | Reached XP level 6. HP: 45/46 MP: 10/11
  3079 | D:4      | Noticed a black bear
  3087 | D:4      | Killed a black bear
  3095 | D:4      | Found a transporter.
  3100 | D:4      | Noticed an ogre
  3100 | D:4      | Noticed an ogre
  3101 | D:4      | Noticed Linkola's ghost (amateur DECj)
  3102 | D:4      | Noticed an ogre
  3192 | D:4      | Reached XP level 7. HP: 42/52 MP: 8/13
  3222 | D:4      | Found a glowing drain.
  3243 | D:4      | Reached skill level 5 in Conjurations
  3258 | D:4      | Learned a level 2 spell: Sublimation of Blood
  3305 | Sewer    | Entered a sewer
  3780 | D:4      | Found a bloodstained altar of Trog.
  4236 | D:5      | Entered Level 5 of the Dungeon
  4385 | D:5      | Reached skill level 5 in Spellcasting
  4527 | D:5      | Reached XP level 8. HP: 58/58 MP: 15/15
  4667 | D:5      | Found a hide-covered altar of Uskayaw.
  5141 | D:5      | Found Assic's Weapon Emporium.
  5576 | D:6      | Found a snail-covered altar of Cheibriados.
  5760 | D:6      | Found a staircase to the Ecumenical Temple.
  5772 | Temple   | Entered the Ecumenical Temple
  5960 | Temple   | Became a worshipper of Kikubaaqudgha
  6562 | D:6      | Reached XP level 9. HP: 57/65 MP: 19/19
  6578 | D:6      | Found Ryfoiduh's General Store.
  6650 | D:6      | HP: 2/65 [orc warrior/+0 dire flail (12)]
  6997 | D:6      | Found a stormy altar of Qazlal.
  7130 | D:6      | Found a shadowy altar of Dithmenos.
  7171 | D:6      | Reached skill level 5 in Fighting
  7171 | D:6      | Reached skill level 5 in Armour
  7203 | D:6      | Reached skill level 1 in Shields
  7305 | D:6      | Reached skill level 2 in Shields
  7415 | D:6      | Reached * piety under Kikubaaqudgha
  7415 | D:6      | Received a gift from Kikubaaqudgha
  7420 | D:6      | Learned a level 3 spell: Vampiric Draining
  7500 | D:6      | Reached skill level 3 in Shields
  7670 | D:6      | Reached skill level 4 in Shields
  7754 | D:6      | Reached skill level 5 in Shields
  8023 | D:2      | You fall into a shaft and drop 1 floor!
  8026 | D:3      | You fall into a shaft and drop 3 floors!
  8053 | D:6      | Bought a potion of curing for 42 gold pieces
  8053 | D:6      | Bought a potion of invisibility for 112 gold pieces
  8143 | D:7      | Reached skill level 6 in Shields
  8217 | D:7      | Reached skill level 7 in Shields
  8447 | D:7      | Reached skill level 8 in Shields
  8465 | D:7      | Reached XP level 10. HP: 74/74 MP: 20/20
  8954 | D:7      | Noticed Duvessa
  8955 | D:7      | Noticed Dowan
  9178 | D:7      | Killed Dowan
  9193 | D:8      | Reached skill level 9 in Shields
  9194 | D:8      | Reached skill level 1 in Necromancy
  9353 | D:8      | Found a basalt altar of Yredelemnul.
  9426 | D:8      | Found a staircase to the Lair.
  9432 | D:8      | Learned a level 3 spell: Conjure Flame
  9441 | D:8      | Reached skill level 1 in Fire Magic
  9759 | D:8      | Reached ** piety under Kikubaaqudgha
 10117 | D:8      | Found a shimmering blue altar of Sif Muna.
 10240 | D:9      | Found a shimmering altar of Xom.
 10241 | D:9      | Found a glowing golden altar of the Shining One.
 10281 | D:9      | HP: 2/74 [hornet (5)]
 10482 | D:9      | Reached skill level 5 in Necromancy
 10826 | D:9      | Slain by a warg

Illustrated notes

Levels and vault maps discovered:
D:1:      matt_arrival_los_fun, layout_loops_ring, minmay_pentomino_u4
D:2:      layout_basic, dreamdust_ecumenical_altar_hidden_monk_grotto
D:3:      layout_basic, zin_scriptorium, serial_co_window_serial,
          co_window_corner_a, co_window_corner_a, co_window_paths_a,
          co_window_paths_a, co_window_of_opportunity_a, co_window_paths_a,
          co_window_paths_b, co_window_corner_a, co_window_corner_a,
          co_window_corner_b, co_window_broadway_b, co_window_of_opportunity_b,
          co_window_corner_b, co_window_4corner_b, glass_columns_a,
          glass_columns_a, glass_columns_a, glass_columns_a
D:4:      layout_basic, mainiacjoe_overflow_chevrons, gammafunk_ghost_smash,
          lightli_sewer_entry_pipes, kennysheep_another_room,
          guppyfry_early_lair_pool
D:5:      layout_layer_cave, eat_drink_and_be_merry_uskayaw, serial_shops,
          nicolae_shop_trees
D:6:      nicolae_cairo_tiling_large, layout_cave_pools,
          nicolae_qazlal_style_of_elements, marbit_many_paths,
          mainiacjoe_overflow_six_doors_small, minmay_temple_entry_purple_smoke,
          serial_gnoll_camp, gnoll_camp_huts_basic, gnoll_camp_mini_shop,
          gnoll_camp_mini_loothouse, gnoll_camp_mini_hut, gnoll_camp_medium_01
D:7:      layout_layer_cave, uniq_duvessa, uniq_pikel
D:8:      layout_loops_ring, lemuel_zombie_altar_yredelemnul,
          lemuel_coloured_pillars_altar, dpeg_oklobed_lair, minivault_26
D:9:      layout_basic, mainiacjoe_overflow_divided_tiny, david_orc_3
Temple:   chequers_temple_sunken

Skill      XL: |  1  2  3  4  5  6  7  8  9 10 |
---------------+-------------------------------+-----
Dodging        | 2 3 |  3.1
Fighting       | 1 2 3 5 |  5.1
Armour         | 1 2 3 5 |  5.1
Conjurations   | 4 5 6 |  6.0
Spellcasting   | 3 4 5 7 |  7.0
Shields        | 8 9 |  9.0
Necromancy     | 5 |  5.1
Fire Magic     | 3 |  3.4
Stealth        | |  2.4

Action                   |  1- 3 |  4- 6 |  7- 9 | 10-12 || total
-------------------------+-------+-------+-------+-------++-------
Melee: Hand axe          |     4 |       |       |       ||     4
       Dagger            |     1 |     2 |    18 |       ||    21
       Halberd           |       |       |     3 |    21 ||    24
 Fire: Sling             |    11 |    16 |    71 |       ||    98
       Arbalest          |       |       |    12 |       ||    12
 Cast: Magic Dart        |    44 |    18 |    84 |    42 ||   188
       Searing Ray       |     3 |    13 |    88 |    36 ||   140
       Sublimation of Bl |       |       |     2 |       ||     2
       Vampiric Draining |       |       |       |     9 ||     9
       Conjure Flame     |       |       |       |     1 ||     1
 Abil: Dig               |       |     1 |       |     1 ||     2
       Shaft Self        |       |       |     2 |       ||     2
  Use: Potion            |       |       |       |     5 ||     5
 Stab: Sleeping          |       |       |     1 |       ||     1
Armor: Robe              |     4 |     3 |    17 |     7 ||    31
Dodge: Dodged            |    27 |    20 |    85 |    19 ||   151
Block: Kite shield       |       |       |     6 |    38 ||    44
       Reflection        |       |       |     2 |     2 ||     4
